 Dungeon Crawl Stone Soup version 0.30-a0-989-g0d87f670db (webtiles) character file.

Game seed: 7686487266481865649

107 mopl the Ducker (level 4, -6/41 HPs)
             Began as a Gnoll Monk on Apr 3, 2023.
             Killed by divine providence
             ... invoked by an orc priest
              (12 damage)
             ... on level 3 of the Dungeon.
             The game lasted 00:02:02 (1368 turns).

mopl the Ducker (Gnoll Monk)                        Turns: 1368, Time: 00:02:03

Health: -6/41      AC:  5    Str: 12    XL:     4   Next: 86%
Magic:  5/5        EV: 13    Int:  9    God:
Gold:   107        SH:  0    Dex: 15    Spells: 5/5 levels left

rFire   . . .      SeeInvis .    a - +0 mace
rCold   . . .      Faith    .    (no shield)
rNeg    + . .      Spirit   .    d - +0 ring mail
rPois   .          Reflect  .    (no helmet)
rElec   .          Rampage  .    (no cloak)
rCorr   .                        (no gloves)
Will    +....                    (no boots)
Stlth   ++                       g - amulet of regeneration
HPRegen 1.06/turn                p - ring of willpower
MPRegen 0.09/turn                s - ring of positive energy

@: no status effects
A: fangs 1, strong nose, distributed training
a: no special abilities


You were on level 3 of the Dungeon.
You visited 1 branch of the dungeon, and saw 3 of its levels.

You collected 107 gold pieces.

Inventory:

Hand Weapons
 a - a +0 mace (weapon)
Armour
 d - a +0 ring mail (worn)
 h - a +0 chain mail
Magical Staves
 n - a staff of fire
Jewellery
 g - an amulet of regeneration (around neck)
 p - a ring of willpower (left hand)
 s - a ring of positive energy (right hand)
Wands
 r - a wand of charming (7)
Scrolls
 b - a scroll of fear {unknown}
 f - 2 scrolls of teleportation {unknown}
 i - a scroll of blinking {unknown}
 j - a scroll of immolation {unknown}
 m - a scroll of torment {unknown}
 q - a scroll of identify {unknown}
 t - a scroll of brand weapon {unknown}
Potions
 c - a potion of ambrosia
 e - a potion of cancellation {unknown}
 k - a potion of berserk rage {unknown}
 l - a potion of curing {unknown}
 o - a potion of invisibility {unknown}
 u - a potion of heal wounds {unknown}


   Skills:
 + Level 6.6 Fighting
 + Level 1.3 Short Blades
 + Level 1.3 Long Blades
 + Level 1.3 Axes
 + Level 6.6 Maces & Flails
 + Level 1.3 Polearms
 + Level 1.3 Staves
 + Level 1.3 Ranged Weapons
 + Level 1.3 Throwing
 + Level 1.3 Armour
 + Level 6.6 Dodging
 + Level 4.3 Stealth
 + Level 1.3 Shields
 + Level 1.3 Unarmed Combat
 + Level 1.3 Spellcasting
 + Level 1.0 Conjurations
 + Level 1.0 Hexes
 + Level 1.0 Summonings
 + Level 1.0 Necromancy
 + Level 1.0 Translocations
 + Level 1.0 Transmutations
 + Level 1.0 Fire Magic
 + Level 1.0 Ice Magic
 + Level 1.0 Air Magic
 + Level 1.0 Earth Magic
 + Level 1.0 Poison Magic
 + Level 1.4 Invocations
 + Level 1.3 Evocations


You had 5 spell levels left.
You didn't know any spells.
Your spell library contained the following spells:

 Spells                   Type           Power      Damage    Failure   Level
 Sting                    Tmut/Pois      8%         1d3       45%         1
 Summon Small Mammal      Summ           8%         N/A       45%         1
 Poisonous Vapours        Pois/Air       4%         N/A       61%         2
 Call Canine Familiar     Summ           2%         N/A       83%         3
 Summon Guardian Golem    Hex/Summ       2%         N/A       83%         3
 Olgreb's Toxic Radiance  Pois           2%         N/A       99%         4


Dungeon Overview and Level Annotations

Branches:
Dungeon (3/15)

Altars:
Makhleb


Innate Abilities, Weirdness & Mutations

You have very sharp teeth.
Your uncanny sense of smell can sniff out nearby items.
Your experience applies equally to all skills.


Message History

The orc priest closely misses you. Natasha claws you!
* * * LOW HITPOINT WARNING * * *
You hit Natasha but do no damage. Your bite misses Natasha.
Natasha is almost dead.
The goblin barely misses you.
The orc priest invokes the aid of Beogh against you.
You resist with some effort. Natasha claws you but does no damage.
Unknown command.
You hit Natasha but do no damage.
Natasha is almost dead.
The goblin barely misses you. The hobgoblin completely misses you.
The orc priest hits you but does no damage.
Natasha casts a spell.
Unknown command.
You hit Natasha.
Natasha is almost dead.
The orc priest hits you with a +0 club.
* * * LOW HITPOINT WARNING * * *
The hobgoblin hits you but does no damage.
The goblin closely misses you. Natasha claws you.
* * * LOW HITPOINT WARNING * * *
You barely miss Natasha.
Natasha is almost dead.
The orc priest misses you. The goblin closely misses you.
The hobgoblin misses you. Natasha claws you.
* * * LOW HITPOINT WARNING * * *
Unknown command.
You hit Natasha.
You kill Natasha!
Natasha yowls pathetically as she dies!
The shadow imp disappears in a puff of smoke!
The hobgoblin hits you but does no damage.
The goblin hits you but does no damage. The orc priest barely misses you.
Unknown command.
The orc priest attacks as you move away!
The orc priest hits you with a +0 club.
* * * LOW HITPOINT WARNING * * *
The orc priest calls down the wrath of Beogh upon you.
Beogh smites you!
You die...

...####.# ......g.. #.
######.....#.# #.
##........o.. #.
#.........h #.#
#..#.....# #
#.###..#.##.# .#
#.##...#.##.####..#
.###.#........og@....#
............##g#####.#
.###...>.......#
.###....†...####
.....######## .##..#
#..# #..# #..#


You could see an orc priest, a hobgoblin and a goblin.

Vanquished Creatures
  Natasha (D:3)
  An adder (D:2)
  3 worms
  2 orcs (D:3)
  6 ball pythons
  5 bats
  5 endoplasms
  A giant cockroach (D:1)
  10 hobgoblins
  4 jackals (D:1)
  2 quokkas (D:1)
  2 frilled lizards
  4 goblins
  4 kobolds
  6 rats
56 creatures vanquished.

Notes
Turn   | Place    | Note
-------+----------+-------------------------------------------
     0 | D:1      | mopl the Gnoll Monk began the quest for the Orb.
     0 | D:1      | Reached XP level 1. HP: 23/23 MP: 1/1
    67 | D:1      | Reached XP level 2. HP: 25/29 MP: 2/2
   365 | D:1      | Reached XP level 3. HP: 35/35 MP: 3/3
   754 | D:1      | Reached skill level 1 in Invocations
   949 | D:2      | Reached skill level 1 in Short Blades
   949 | D:2      | Reached skill level 1 in Long Blades
   949 | D:2      | Reached skill level 1 in Axes
   949 | D:2      | Reached skill level 1 in Polearms
   949 | D:2      | Reached skill level 1 in Staves
   949 | D:2      | Reached skill level 1 in Ranged Weapons
   949 | D:2      | Reached skill level 1 in Throwing
   949 | D:2      | Reached skill level 1 in Armour
   949 | D:2      | Reached skill level 1 in Shields
   949 | D:2      | Reached skill level 1 in Unarmed Combat
   949 | D:2      | Reached skill level 1 in Spellcasting
   949 | D:2      | Reached skill level 1 in Evocations
   965 | D:2      | Reached XP level 4. HP: 22/41 MP: 5/5
  1030 | D:2      | Found a burning altar of Makhleb.
  1328 | D:3      | Reached skill level 1 in Conjurations
  1328 | D:3      | Reached skill level 1 in Hexes
  1328 | D:3      | Reached skill level 1 in Summonings
  1328 | D:3      | Reached skill level 1 in Necromancy
  1328 | D:3      | Reached skill level 1 in Translocations
  1328 | D:3      | Reached skill level 1 in Transmutations
  1328 | D:3      | Reached skill level 1 in Fire Magic
  1328 | D:3      | Reached skill level 1 in Ice Magic
  1328 | D:3      | Reached skill level 1 in Air Magic
  1328 | D:3      | Reached skill level 1 in Earth Magic
  1328 | D:3      | Reached skill level 1 in Poison Magic
  1344 | D:3      | Noticed Natasha
  1367 | D:3      | Killed Natasha
  1368 | D:3      | Killed from afar by an orc priest

Illustrated notes

Levels and vault maps discovered:
D:1:      dpeg_arrival_stone_temple_mockup, layout_loops_ring,
          kennysheep_another_room, minivault_5, corner_web_ring
D:2:      layout_basic, basic_altar, minmay_tromino_i4
D:3:      layout_loops_ring, mainiacjoe_overflow_chevrons,
          mainiacjoe_overflow_big_doors, minivault_11, minmay_box_of_dots,
          uniq_natasha, uniq_grinder

Skill      XL: |  1  2  3  4 |
---------------+-------------+-----
Invocations    | 1 |  1.4
Short Blades   | 1 |  1.3
Long Blades    | 1 |  1.3
Axes           | 1 |  1.3
Polearms       | 1 |  1.3
Staves         | 1 |  1.3
Ranged Weapons | 1 |  1.3
Throwing       | 1 |  1.3
Armour         | 1 |  1.3
Shields        | 1 |  1.3
Unarmed Combat | 1 |  1.3
Spellcasting   | 1 |  1.3
Evocations     | 1 |  1.3
Conjurations   | 1 |  1.0
Hexes          | 1 |  1.0
Summonings     | 1 |  1.0
Necromancy     | 1 |  1.0
Translocations | 1 |  1.0
Transmutations | 1 |  1.0
Fire Magic     | 1 |  1.0
Ice Magic      | 1 |  1.0
Air Magic      | 1 |  1.0
Earth Magic    | 1 |  1.0
Poison Magic   | 1 |  1.0
Fighting       | |  6.6
Maces & Flails | |  6.6
Dodging        | |  6.6
Stealth        | |  4.3

Action                     |  1- 3 |  4- 6 || total
---------------------------+-------+-------++-------
  Melee: Mace              |   122 |    57 ||   179
         Bite              |    13 |     4 ||    17
         Punch             |     2 |     2 ||     4
   Stab: Sleeping          |     6 |     3 ||     9
 Armour: Robe              |     5 |       ||     5
         Ring mail         |    21 |    15 ||    36
  Dodge: Dodged            |   120 |    37 ||   157

Table legend: (Time is in decaauts)
 A = Elapsed time spent in this place.
 B = Non-inter-level travel time spent in this place.
 C = Inter-level travel time spent in this place.
 D = Time resting spent in this place.
 E = Time spent auto-exploring this place.
 F = Levels seen in this place.
 G = Mean time per level.
                   A        B        C        D        E       F      G
               +--------+--------+--------+--------+--------+-----+--------+
         Total |   1380 |   1252 |    128 |     18 |    799 |   3 |  460.0 |
       Dungeon |   1380 |   1252 |    128 |     18 |    799 |   3 |  460.0 |
               +--------+--------+--------+--------+--------+-----+--------+

Top non-repeatable levels by time:
     D:1: 907 daAuts
     D:2: 401 daAuts
     D:3: 71 daAuts
